[Event "FIDE Women World Blitz 2021"]
[Site "Warsaw"]
[Date "2021.12.29"]
[Round "9.10"]
[White "Zairbek kyzy, Begimai"]
[Black "Zabrzanska, Weronika"]
[Result "0-1"]
[ECO "C52"]
[WhiteElo "1701"]
[BlackElo "1596"]
[Annotator "NA"]
[PlyCount "158"]
[EventDate "2021.12.29"]
[EventType "swiss"]
[EventCountry "POL"]
[Tiebreak "Cut1 Buchholz"]
[SourceTitle "playchess.com"]
[Source "ChessBase"]
[SourceQuality "1"]
[TimeControl "180+2"]

1. e4 e5 2. Nf3 Nc6 3. Bc4 Bc5 4. b4 Bxb4 5. c3 Ba5 6. d4 d6 7. O-O Nf6 8. Qa4 exd4 9. cxd4 Bd7 10.
d5 Ne5 11. Qxa5 Nxc4 12. Qb4 b5 13. Nc3 a5 14. Qb3 Rb8 15.
a4 Ne5 16. Nxe5 dxe5 17. axb5 O-O 18. Ba3 Re8 19. Bc5 c6 20. b6 cxd5 21. exd5 a4 22. Qb4 Qc8 23. Rfc1 Qb7 24. Nxa4 Nxd5 25. Qb3 Nf4 26. f3 Be6 27. Qe3 f6 28. Bd6 Rbd8 29. Rc7 Qa6 30. Bxe5 fxe5 31. Qxe5 Nh5 32. Qxh5 Qd3 33. h4 Qd4+ 34. Kh2 Qxa1 35. Nc5 Bf7 36. Qf5 Qe5+ 37. Qxe5 Rxe5 38. b7 Ree8 39. Na6 Bd5 40. b8=Q Rxb8 41. Nxb8 Rxb8 42. Rd7 Be6 43. Rd6 Kf7 44. Kg3 Rb5 45. Ra6 Kf6 46. Ra7 Rb4 47. Ra5 Rb2 48. Rc5 Bb3 49. Rc6+ Kf7 50. Rc7+ Kf6 51. Rc6+ Be6 52. Rc5 h6 53. Rc6 Ke7 54. Rc7+ Bd7 55. Rc5 Rb6 56. Kf2 Rg6 57. g4 Rf6 58. Kg3 Bc6 59. Re5+ Kd6 60. Re3 Kd5 61. g5 hxg5 62. hxg5 Rg6 63. Kg4 Kd4 64. Ra3 Bd7+ 65. Kh4 Ke5 66. Rb3 Kf4 67. Rb4+ Kxf3 68. Rb3+ Ke4 69. Rb7 Bc6 70. Re7+ Kd5 71. Kh5 Re6 72. Rxg7 Be8+ 73. Kg4 Ke5 74. Ra7 Bc6 75. Ra5+ Bd5 76. Ra1 Kd6 77. Ra6+ Ke7 78. Kf5 Rxa6 79. g6 Ba2 0-1

[Event "FIDE Women World Blitz 2021"]
[Site "Warsaw"]
[Date "2021.12.29"]
[Round "9.11"]
[White "Osmak, Yuliia"]
[Black "Dzagnidze, Nana"]
[Result "1/2-1/2"]
[ECO "A33"]
[WhiteElo "2198"]
[BlackElo "2524"]
[Annotator "ChessBase"]
[PlyCount "151"]
[EventDate "2021.12.29"]
[EventType "swiss"]
[EventCountry "POL"]
[Tiebreak "Cut1 Buchholz"]
[SourceTitle "playchess.com"]
[Source "ChessBase"]
[SourceQuality "1"]
[TimeControl "180+2"]

1. c4 Nf6 2. Nc3 c5 3. Nf3 e6 4. d4 cxd4 5. Nxd4 Nc6 6. a3 d5 7. cxd5 exd5 8. g3 Bc5 9. Nxc6 bxc6 10. Bg2 O-O 11. O-O h6 12. b4 Bd6 13. Bb2 Rb8 14. e4 a5 15.
exd5 axb4 16. axb4 cxd5 17. b5 Be6 18. Nxd5 Bxd5 19. Bxf6 Qxf6 20. Qxd5 Rfc8 21. Rac1 Rxc1
22. Rxc1 Be5 23. Rb1 Bd4 24. Qf3 Qxf3 25. Bxf3 Bb6 26. Bc6 Rd8 27. Rb2 g6 28. h4 Kg7 29. Kg2 g5 30. h5 Rd6 31. Ra2 Rd8 32.
Ra6 Rb8 33. Kf3 Kf6 34. Ra2 Rd8 35. Be4 Rb8 36. Rc2 Kg7 37.
Rc6 Ba5 38. Bd3 Bb6 39. Rd6 Rd8 40. Rxd8 Bxd8 41. Ke4 Bb6 42. f3 Kf6 43. Kd5 Ke7 44. Kc6 Bf2 45. g4 Kd8 46. b6 Be3 47.
Bf5 Bf2 48. Kb7 Be3 49. Ka6 Bd4 50. b7 Kc7 51. Bc8 Be3 52.
Kb5 Bf4 53. Kc4 Kd8 54. Kd5 Ke7 55. Bf5 Bb8 56. Bc2 Kf6 57.
Bb3 Ke7 58. Ke4 Kf6 59. Bc4 Bc7 60. Kd5 Bb8 61. Kc6 Ke7 62.
Bb3 Be5 63. Kd5 Bb8 64. Ke4 Kf6 65. Bc4 Bc7 66. Kd5 Ke7 67.
Kc5 Bb8 68. Kc6 Bf4 69. Kb6 Bb8 70. Ka6 Kf6 71. Ba2 Ke7 72.
Kb5 Kf6 73. Kc6 Ke7 74. Bb3 Bf4 75. Bc2 Bb8 76. Bf5 1/2-1/2

[Event "FIDE Women World Blitz 2021"]
[Site "Warsaw"]
[Date "2021.12.29"]
[Round "9.11"]
[White "Heredia Serrano, Carla"]
[Black "Budkiewicz, Magdalena"]
[Result "0-1"]
[ECO "B08"]
[WhiteElo "2138"]
[BlackElo "1624"]
[Annotator "NA"]
[PlyCount "150"]
[EventDate "2021.12.29"]
[EventType "swiss"]
[EventCountry "POL"]
[Tiebreak "Cut1 Buchholz"]
[SourceTitle "playchess.com"]
[Source "ChessBase"]
[SourceQuality "1"]
[TimeControl "180+2"]

1. d4 Nf6 2. Nc3 g6 3. e4 d6 4. Nf3 Bg7 5. h3 O-O 6. Be3 e5 7. dxe5 dxe5 8. Qxd8 Rxd8 9. Bc4 Ne8 10. Nd5 Nc6 11. Ng5 Be6 12. Nxe6 fxe6 13. Nc3 Kf7 14. Ne2 Nd6 15. Bd3 Nd4 16. Nxd4 exd4 17. Bf4 e5 18. Bd2 Ke6 19. O-O Rf8 20. a4 c5 21. b3 Rac8 22. Rab1 Bf6 23. g3 g5 24. Kg2 h6 25. Bc1 b6 26. Be2 Ke7 27. Bg4 Rc7 28.
Re1 c4 29. Ba3 Rd8 30. bxc4 Rxc4 31. Rb2 Rxa4 32. Bb4 Bg7 33. Reb1 Bf8 34. h4 Kf6 35. hxg5+ hxg5 36. Rh1 Be7 37. Rh6+ Kg7 38. Re6 Kf7 39. Rxe5 Bf6 40. Rd5 Be7 41. Bh5+ Kf6 42. Rb1 a5 43. Bxd6 Bxd6 44. e5+ Ke6 45. Bf3 Bc7 46. Rxd8 Bxd8 47. Be2 Kxe5 48. Re1 Kd6 49. Bd3 Bf6 50. Bf5 Rc4 51. Re6+ Kd5 52. Rxf6 Ke5 53. Rf8 Rc6 54. Bd3 Rc5 55. Rb8 Rc6 56. Re8+ Kd6 57. Rg8 Rc5 58. Rg6+ Kc7 59. Rg7+ Kc6 60. Rg6+ Kd5 61. Kf3 a4 62. Rxg5+ Kc6 63. Rg8 b5 64. Ra8 Rh5 65. Ra6+ Kc5 66. Ra5 Kb4 67. g4 Kxa5 68. gxh5 a3 69. h6 a2 70. h7 a1=Q 71. h8=Q Qc3 72. Qa8+ Kb4 73. Qf8+ Ka4 74. Qa8+ Kb4 75. Qa2 Qc6+ 0-1

[Event "FIDE Women World Blitz 2021"]
[Site "Warsaw"]
[Date "2021.12.29"]
[Round "9.12"]
[White "Kashlinskaya, Alina"]
[Black "Mamedjarova, Zeinab"]
[Result "1-0"]
[ECO "A40"]
[WhiteElo "2482"]
[BlackElo "2249"]
[Annotator "ChessBase"]
[PlyCount "113"]
[EventDate "2021.12.29"]
[EventType "swiss"]
[EventCountry "POL"]
[Tiebreak "Cut1 Buchholz"]
[SourceTitle "playchess.com"]
[Source "ChessBase"]
[SourceQuality "1"]
[TimeControl "180+2"]

1. d4 Nf6 2. c4 e6 3. Nc3 b6 4. a3 Bb7 5. Bf4 Be7 6. e3 O-O 7. Qc2 h6 8. Nf3 d6 9. h3 Re8 10. Be2 Nbd7 11. O-O Bf8 12. Rad1 a6 13. Bh2 Qe7 14. d5 e5 15. b4 g6 16. Nd2 Bg7 17. Nb3 e4 18. Nd4 Nh7 19. Nc6 Bxc6 20. dxc6 Ndf6 21. c5 dxc5 22. b5 a5 23. Bc4 Ng5 24. Nd5 Nxd5 25. Rxd5 Rad8 26. Rfd1 Rxd5 27. Rxd5 Rd8 28. h4 Nh7 29. Rxd8+ Qxd8 30. Qxe4 Nf6 31. Qf4 Qd1+ 32. Bf1 Ne8 33. h5 Qxh5 34. Bg3 Nd6 35. f3 Qd5 36. Qg4 Qd2 37. Qd7 Qxe3+ 38. Bf2 Qe8 39. Qxc7 Nf5 40. Qb7 Be5 41. c7 Ne7 42. Bc4 Qd7 43. c8=Q+ Qxc8 44. Qxe7 Qf5 45. Bxf7+ Qxf7 46. Qxe5 Qb3 47.
Qb8+ Kf7 48. Qb7+ Kg8 49. Qxb6 Qb1+ 50. Kh2 Qf5 51. Qd8+ Kf7 52. Qc7+ Kg8 53. Qxc5 Qf4+ 54. Bg3 Qa4 55. b6 Qb3 56. Qc8+ Kf7 57. b7 1-0

[Event "FIDE Women World Blitz 2021"]
[Site "Warsaw"]
[Date "2021.12.29"]
[Round "9.12"]
[White "Szczotka, Klara"]
[Black "Rudzinska, Michalina"]
[Result "1-0"]
[ECO "B51"]
[WhiteElo "1584"]
[BlackElo "1832"]
[Annotator "NA"]
[PlyCount "107"]
[EventDate "2021.12.29"]
[EventType "swiss"]
[EventCountry "POL"]
[Tiebreak "Cut1 Buchholz"]
[SourceTitle "playchess.com"]
[Source "ChessBase"]
[SourceQuality "1"]
[TimeControl "180+2"]

1. e4 c5 2. Nf3 d6 3. Bb5+ Nd7 4. O-O a6 5. Bd3 Ngf6 6. c3 e5 7. Bc2 g6 8. d4 Bg7 9. Re1 O-O 10. a4 Qc7 11. Na3 Re8 12. Bg5 h6 13.
Bh4 exd4 14. cxd4 cxd4 15. Nxd4 Nc5 16. f3 Ne6 17. Bf2 b6 18.
Rc1 Bb7 19. Nxe6 fxe6 20. Bb3 Qe7 21. Bxb6 Rac8 22. Qd3 Nd7 23. Bd4 Ne5 24. Qe3 Kh7 25. Nc4 Nxc4 26. Bxc4 Rc7 27. Bb3 e5 28. Bb6 Rd7 29. a5 h5 30. Qd3 Bh6 31. Be3 Bxe3+ 32. Qxe3 Rc8 33. Rxc8 Bxc8 34. Rc1 Rc7 35. Rxc7 Qxc7 36. Qc3 Qa7+ 37. Kf1 Bd7 38. Bc4 Qc5 39. Be2 Qa7 40. Qd3 Qb7 41. Qxd6 Ba4 42. Qd2 Qc6 43. Qc3 Qd7 44. Qxe5 Qb7 45. Qc3 Qd7 46. Kf2 Qa7+ 47. Qe3 Qb7 48. Qd4 Qc6 49. Bc4 Qb7 50. Qd5 Qg7 51. Qf7 Qxf7 52. Bxf7 Kg7 53. Bc4 Kf6 54. Bxa6 1-0

[Event "FIDE Women World Blitz 2021"]
[Site "Warsaw"]
[Date "2021.12.29"]
[Round "9.13"]
[White "Zatonskih, Anna"]
[Black "Balajayeva, Khanim"]
[Result "1-0"]
[ECO "E33"]
[WhiteElo "2394"]
[BlackElo "2369"]
[Annotator "NA"]
[PlyCount "101"]
[EventDate "2021.12.29"]
[EventType "swiss"]
[EventCountry "POL"]
[Tiebreak "Cut1 Buchholz"]
[SourceTitle "playchess.com"]
[Source "ChessBase"]
[SourceQuality "1"]
[TimeControl "180+2"]

1. d4 Nf6 2. c4 e6 3. Nc3 Bb4 4. Qc2 Nc6 5. Nf3 d6 6. Bd2 O-O 7. a3 Bxc3 8. Bxc3 Qe7 9. e4 e5 10. d5 Nd8 11. Nd2 a5 12. b3 b6 13. g3 Ne8 14. Bd3 Bh3 15. O-O-O Nb7 16. f4 Nc5 17. Bb2 Bd7 18. Rhf1 c6 19. Rde1 Nc7 20. Nf3 f6 21. Nh4 b5 22. dxc6 Bxc6 23. Nf5 Qe6 24. Rd1 a4 25. b4 Nb3+ 26. Kb1 g6 27. Ne3 Bd7 28. f5 Qe7 29. cxb5 Rfc8 30. Qe2 g5 31. Bc4+ Kf8 32. Nd5 Nxd5 33. Bxd5 Rab8 34. Bc4 Qe8 35. h4 Bxb5 36. Bxb5 Qxb5 37. Qxb5 Rxb5 38. Rxd6 Ke7 39. Rfd1 Nd4 40. Ra6 Nc6 41. Rxa4 gxh4 42. gxh4 Rg8 43. Ra6 Rc8 44. Rc1 Kd7 45. Rc2 Rb7 46. Bc1 Rbc7 47. Be3 Rg8 48. Bb6 Rcc8 49. b5 Nb8 50. Ra7+ Kd6 51. Rd2# 1-0

[Event "FIDE Women World Blitz 2021"]
[Site "Warsaw"]
[Date "2021.12.29"]
[Round "9.14"]
[White "Muzychuk, Mariya"]
[Black "Salimova, Nurgyul"]
[Result "1-0"]
[ECO "C47"]
[WhiteElo "2536"]
[BlackElo "2353"]
[Annotator "ChessBase"]
[PlyCount "132"]
[EventDate "2021.12.29"]
[EventType "swiss"]
[EventCountry "POL"]
[Tiebreak "Cut1 Buchholz"]
[SourceTitle "playchess.com"]
[Source "ChessBase"]
[SourceQuality "1"]
[TimeControl "180+2"]

1. e4 e5 2. Nf3 Nc6 3. Nc3 Nf6 4. d4 exd4 5. Nxd4 Bb4 6.
Nxc6 bxc6 7. Bd3 d5 8. exd5 cxd5 9. O-O O-O 10. h3 c6 11.
Qf3 Bd6 12. Bg5 Rb8 13. b3 Be5 14. Bf4 Qc7 15. Bxe5 Qxe5 16. Rfe1 Qc7 17. Rad1 Rb4 18. Ne2 Bd7 19. c3 Rbb8 20. Nd4 Rfe8 21. Nf5 Bxf5 22. Bxf5 Re7 23. Kf1 Rbe8 24. Rxe7 Qxe7 25. g4 g6 26. Bd3 Nd7 27. Kg2 Qc5 28. Bc2 Qa3 29. Rd2 Qc1 30. Qd1 Re1 31. Qxc1 Rxc1 32. c4 Nb6 33. cxd5 cxd5 34. Bd3 Kg7 35. Kf3 h6 36. Rc2 Ra1 37. Bb5 g5 38. a4 Rh1 39. Kg2 Rb1 40. Rc3 d4 41.
Rd3 Nd5 42. Rxd4 Nf4+ 43. Kh2 Rxb3 44. Bf1 Rb2 45. Kg3 Rb1 46. Bc4 Rg1+ 47. Kf3 Nxh3 48. Rd7 Nf4 49. Rxf7+ Kg6 50. Rxa7 Rc1 51. Bb5 Rc3+ 52. Ke4 Kf6 53. a5 Rc2 54. f3 Ra2 55. a6 Ra5 56. Bc6 Re5+ 57. Kd4 Ne6+ 58. Kd3 Rc5 59. Bb7 Rc7 60. Ra8 Nc5+ 61. Kd4 Nxb7 62. Ra7 Rd7+ 63. Ke3 Re7+ 64. Kf2 Ke6 65. axb7 Re8 66. Ra8 Kd5 1-0

[Event "FIDE Women World Blitz 2021"]
[Site "Warsaw"]
[Date "2021.12.29"]
[Round "9.15"]
[White "Mammadova, Gulnar"]
[Black "Buksa, Nataliya"]
[Result "0-1"]
[ECO "B20"]
[WhiteElo "2395"]
[BlackElo "2199"]
[Annotator "NA"]
[PlyCount "106"]
[EventDate "2021.12.29"]
[EventType "swiss"]
[EventCountry "POL"]
[Tiebreak "Cut1 Buchholz"]
[SourceTitle "playchess.com"]
[Source "ChessBase"]
[SourceQuality "1"]
[TimeControl "180+2"]

1. e4 c5 2. b3 Nc6 3. Bb2 d6 4. Bb5 Nf6 5. Nc3 g6 6. Nd5 Bg7 7. Nxf6+ exf6 8.
Nf3 Bd7 9. O-O O-O 10. a4 Re8 11. Re1 a6 12. Bf1 f5 13. Bxg7 Kxg7 14. exf5 Bxf5 15. Rxe8 Qxe8 16. d4 Bg4 17. dxc5 dxc5 18. Qd3 Qe6 19. Qc3+ Qf6 20. Qxf6+ Kxf6 21. Nd2 Bf5 22. c3 Rd8 23. Nc4 Bc2 24. Ne3 Bxb3 25. c4 Nb4 26. Ra3 Bc2 27. g3 Be4 28. Bg2 Bxg2 29. Kxg2 Rd2 30. Ng4+ Kg7 31. Kf1 h5 32. Ne3 Nd3 33. Rb3 Rxf2+ 34. Kg1 Rd2 35. Rxb7 Ra2 36. Rd7 Ne5 37. Rc7 Nf3+ 38. Kf1 Nxh2+ 39. Ke1 Nf3+ 40. Kf1 Nd2+ 41. Kg1 Ne4 42. Nd5 Rxa4 43. Nf4 Rxc4 44. Ne6+ Kf6 45. Nd8 Nxg3 46. Rxf7+ Kg5 47. Kf2 Nf5 48. Ne6+ Kg4 49. Rc7 Rc2+ 50. Ke1 h4 51. Rc6 h3 52. Nxc5 h2 53. Rxg6+ Kh5 0-1

[Event "FIDE Women World Blitz 2021"]
[Site "Warsaw"]
[Date "2021.12.29"]
[Round "9.16"]
[White "Babiy, Olga"]
[Black "Muetsch, Annmarie"]
[Result "1-0"]
[ECO "B07"]
[WhiteElo "2179"]
[BlackElo "2279"]
[Annotator "NA"]
[PlyCount "89"]
[EventDate "2021.12.29"]
[EventType "swiss"]
[EventCountry "POL"]
[Tiebreak "Cut1 Buchholz"]
[SourceTitle "playchess.com"]
[Source "ChessBase"]
[SourceQuality "1"]
[TimeControl "180+2"]

1. d4 d6 2. e4 Nf6 3. Nc3 Nbd7 4. f4 e5 5. Nf3 exf4 6. Bxf4 Qe7 7. Bd3 g6 8. Bg5 c6 9. Qe2 h6 10. Bh4 g5 11. Bg3 Nh5 12. O-O-O Bg7 13. Bc4 Nf8 14. Rhf1 Ng6 15. Kb1 Ngf4 16. Qd2 Nxg3 17. hxg3 Nh5 18. Qf2 Bg4 19. e5 d5 20. Bd3 O-O-O 21. Rde1 Kb8 22. Rh1 f5 23. Nh2 Qe8 24. Nxg4 fxg4 25. Ne2 Rf8 26. Qg1 Bh8 27. Qh2 Ng7 28. Qxh6 Ne6 29. Ref1 Qe7 30. Qh5 c5 31. Qxg4 cxd4 32. Bf5 Nc5 33. Nxd4 Qxe5 34. c3 Na4 35. Re1 Qc7 36. Bc2 Nc5 37. Qxg5 Qb6 38. Re2 Bf6 39. Qf4+ Ka8 40. Rh6 Qa6 41. Rf2 Rd6 42. g4 Nd7 43. Qe3 Bxd4 44. Rxf8+ Nxf8 45. Qe8+ 1-0

[Event "FIDE Women World Blitz 2021"]
[Site "Warsaw"]
[Date "2021.12.29"]
[Round "9.17"]
[White "Bulmaga, Irina"]
[Black "Kiolbasa, Oliwia"]
[Result "0-1"]
[ECO "C45"]
[WhiteElo "2405"]
[BlackElo "2403"]
[Annotator "NA"]
[PlyCount "88"]
[EventDate "2021.12.29"]
[EventType "swiss"]
[EventCountry "POL"]
[Tiebreak "Cut1 Buchholz"]
[SourceTitle "playchess.com"]
[Source "ChessBase"]
[SourceQuality "1"]
[TimeControl "180+2"]

1. e4 e5 2. Nf3 Nc6 3. d4 exd4 4. Nxd4 Bc5 5. Be3 Qf6 6. c3 Nge7 7. Bc4 b6 8. O-O O-O 9. Qd2 Qg6 10. Nxc6 Qxc6 11. Bxc5 Qxc5 12. Na3 a5 13. Rac1 a4 14. Qd4 d6 15. Rfe1 Ng6 16. Qxc5 dxc5 17. Nb5 c6 18. Nd6 Ne5 19. f4 Nxc4 20. Nxc4 Be6 21. Ne5 Bxa2 22. Nxc6 Bb3 23. c4 Rfe8 24. Ne5 f6 25. Nf3 Rad8 26. Re2 Rd3 27. e5 Bd1 28. Re1 Bxf3 29. gxf3 fxe5 30. fxe5 Rxf3 31. Rcd1 Rf4 32. Rd6 Rxc4 33. Rxb6 Rb4 34. Rxb4 cxb4 35. Re4 Rb8 36. Kf2 Kf7 37. e6+ Ke7 38. Ke3 a3 39. bxa3 b3 40. Ra4 b2 41. Ra7+ Kxe6 42. Rxg7 b1=Q 43. Rg3 Rb3+ 44. Kf4 Qf5# 0-1

[Event "FIDE Women World Blitz 2021"]
[Site "Warsaw"]
[Date "2021.12.29"]
[Round "9.18"]
[White "Vantika Agrawal"]
[Black "Injac, Teodora"]
[Result "0-1"]
[ECO "E62"]
[WhiteElo "2329"]
[BlackElo "2387"]
[Annotator "NA"]
[PlyCount "110"]
[EventDate "2021.12.29"]
[EventType "swiss"]
[EventCountry "POL"]
[Tiebreak "Cut1 Buchholz"]
[SourceTitle "playchess.com"]
[Source "ChessBase"]
[SourceQuality "1"]
[TimeControl "180+2"]

1. d4 Nf6 2. c4 g6 3. Nf3 Bg7 4. g3 O-O 5. Bg2 d6 6. O-O Nc6 7. Nc3 Bf5 8. d5 Na5 9. Nd2 c5 10. e4 Bg4 11. Qc2 a6 12. h3 Bd7 13. b3 b5 14.
Bb2 Rb8 15. Rab1 e5 16. dxe6 Bxe6 17. cxb5 axb5 18. Rbd1 Nc6 19. Nf3 Qc7 20. Nd5 Bxd5 21. exd5 Nb4 22. Qb1 Nbxd5 23. Ng5 Nb6 24. Qa1 Nh5 25. Bxg7 Nxg7 26. Ne4 Rbd8 27. Nf6+ Kh8 28. Rfe1 c4 29. Re4 d5 30. Rh4 h5 31. Nxd5 Nxd5 32. Bxd5 c3 33. Be4 Rxd1+ 34. Qxd1 Rd8 35. Qc1 Kg8 36. Rf4 Ne6 37. Rf3 b4 38.
Re3 Nd4 39. Kg2 Kg7 40. h4 Qc5 41. Bf3 Rd6 42. Rd3 Nf5 43.
Rxd6 Qxd6 44. Qc2 Nd4 45.
Qd3 Qc5 46. Be4 c2 47. Qe3 c1=Q 48. Qd3 Q1c3 49. Qa6 Ne6 50. Qb7 Q3e5 51. Bf3 Qcd6 52. Qa8 Qd2 53. Qb7 Qee3 54. Bd5 Qdxf2+ 55. Kh1 Qee1# 0-1

[Event "FIDE Women World Blitz 2021"]
[Site "Warsaw"]
[Date "2021.12.29"]
[Round "9.19"]
[White "Gaponenko, Inna"]
[Black "Garcia Martin, Marta"]
[Result "1-0"]
[ECO "C68"]
[WhiteElo "2339"]
[BlackElo "2194"]
[Annotator "NA"]
[PlyCount "79"]
[EventDate "2021.12.29"]
[EventType "swiss"]
[EventCountry "POL"]
[Tiebreak "Cut1 Buchholz"]
[SourceTitle "playchess.com"]
[Source "ChessBase"]
[SourceQuality "1"]
[TimeControl "180+2"]

1. e4 e5 2. Nf3 Nc6 3. Bb5 a6 4. Bxc6 dxc6 5. O-O Bg4 6.
h3 h5 7. d3 Qf6 8. Nbd2 g5 9. Nc4 Bxf3 10. Qxf3 Qxf3 11. gxf3 f6 12. Be3 c5 13. c3 O-O-O 14. Rfd1 Rh7 15. Kf1 Rhd7 16. Ke2 h4 17. Rd2 b6 18. Rad1 Ne7 19. d4 cxd4 20. cxd4 exd4 21. Bxd4 Bg7 22. Ne3 Ng6 23. Nd5 Kb7 24. Bc3 c6 25. Nxf6 Nf4+ 26. Ke1 Rxd2 27. Rxd2 Bxf6 28. Bxf6 Rxd2 29. Kxd2 Nxh3 30. Ke3 Kc7 31. f4 Nxf4 32. Bxg5 Ng6 33. f4 h3 34. Kf3 Kd7 35. Kg3 c5 36. Kxh3 b5 37. Kg4 c4 38. Kf5 Ne7+ 39. Bxe7 Kxe7 40. Ke5 1-0

[Event "FIDE Women World Blitz 2021"]
[Site "Warsaw"]
[Date "2021.12.29"]
[Round "9.20"]
[White "Efroimski, Marsel"]
[Black "Garifullina, Leya"]
[Result "1-0"]
[ECO "B52"]
[WhiteElo "2419"]
[BlackElo "2416"]
[Annotator "NA"]
[PlyCount "38"]
[EventDate "2021.12.29"]
[EventType "swiss"]
[EventCountry "POL"]
[Tiebreak "Cut1 Buchholz"]
[SourceTitle "playchess.com"]
[Source "ChessBase"]
[SourceQuality "1"]
[TimeControl "180+2"]

1. e4 c5 2. Nf3 d6 3. Bb5+ Bd7 4. Bxd7+ Qxd7 5. c4 Nf6 6. Nc3 g6 7. d4 cxd4 8. Nxd4 Bg7 9. f3 O-O 10. Be3 Nc6 11. Rc1 Rac8 12. b3 a6 13.
O-O Nxd4 14. Bxd4 b5 15. cxb5 axb5 16. Qd3 b4 17. Na4 Qb7 18. Qd2 Nd7 19. Bxg7 Kxg7 1-0

[Event "FIDE Women World Blitz 2021"]
[Site "Warsaw"]
[Date "2021.12.29"]
[Round "9.21"]
[White "Hryzlova, Sofiia"]
[Black "Danielian, Elina"]
[Result "1-0"]
[ECO "A60"]
[WhiteElo "2097"]
[BlackElo "2450"]
[Annotator "ChessBase"]
[PlyCount "60"]
[EventDate "2021.12.29"]
[EventType "swiss"]
[EventCountry "POL"]
[Tiebreak "Cut1 Buchholz"]
[SourceTitle "playchess.com"]
[Source "ChessBase"]
[SourceQuality "1"]
[TimeControl "180+2"]

1. d4 Nf6 2. c4 e6 3. Nc3 c5 4. d5 exd5 5. cxd5 Bd6 6. g3 Bc7 7. Bg2 d6 8. Nf3 O-O 9. O-O a6 10. a4 Nbd7 11. Bf4 Rb8 12. Qd3 Re8 13. Rfb1 Nf8 14. b4 Ng6 15. Be3 Ng4 16. Nd1 Nxe3 17. Nxe3 b6 18. h4 h6 19. bxc5 dxc5 20. Rd1 Bd6 21. Nc4 b5 22. axb5 axb5 23. Nxd6 Qxd6 24. Ra5 c4 25. Qc2 Qb6 26. Raa1 Qc5 27. Nd4 Bd7 28. Nb3 Qb4 29. Nd4 Qc5 30. Rac1 Ne5 1-0

[Event "FIDE Women World Blitz 2021"]
[Site "Warsaw"]
[Date "2021.12.29"]
[Round "9.22"]
[White "Lagno, Kateryna"]
[Black "Strutinskaia, Galina"]
[Result "1-0"]
[ECO "B30"]
[WhiteElo "2550"]
[BlackElo "2188"]
[Annotator "ChessBase"]
[PlyCount "43"]
[EventDate "2021.12.29"]
[EventType "swiss"]
[EventCountry "POL"]
[Tiebreak "Cut1 Buchholz"]
[SourceTitle "playchess.com"]
[Source "ChessBase"]
[SourceQuality "1"]
[TimeControl "180+2"]

1. e4 c5 2. Nf3 Nc6 3. Nc3 Nf6 4. Bb5 Nd4 5. e5 Nxb5 6.
Nxb5 Nd5 7. Ng5 f6 8. Qh5+ g6 9. Qf3 fxg5 10. Qxd5 a6 11. Nc3 e6 12. Qf3 Bg7 13. Ne4 Bxe5 14. d4 cxd4 15. Bxg5 Qa5+ 16. Bd2 Qb6 17. Nf6+ Bxf6 18. Qxf6 Rf8 19. Qg7 Qxb2 20. O-O Qxc2 21. Bb4 Qf5 22. Qe7# 1-0

[Event "FIDE Women World Blitz 2021"]
[Site "Warsaw"]
[Date "2021.12.29"]
[Round "9.23"]
[White "Michna, Marta"]
[Black "Maisuradze, Nino"]
[Result "1-0"]
[ECO "A06"]
[WhiteElo "2312"]
[BlackElo "2175"]
[Annotator "NA"]
[PlyCount "60"]
[EventDate "2021.12.29"]
[EventType "swiss"]
[EventCountry "POL"]
[Tiebreak "Cut1 Buchholz"]
[SourceTitle "playchess.com"]
[Source "ChessBase"]
[SourceQuality "1"]
[TimeControl "180+2"]

1. Nf3 d5 2. d3 c5 3. Nbd2 Nc6 4. e4 e5 5. Be2 Nf6 6. O-O d4 7. Nc4 Bd6 8. c3 b5 9. Nxd6+ Qxd6 10. cxd4 cxd4 11. Bg5 Nd7 12. Rc1 O-O 13. Nh4 Nb6 14. Bg4 Na4 15. Bxc8 Raxc8 16. Nf5 Qe6 17. Qg4 Kh8 18. Bh6 g6 19. Bg7+ Kg8 20. Bxf8 Kxf8 21. Nh6 Nxb2 22. Qf3 Na4 23. Qe2 Nc3 24. Qd2 b4 25. f4 Kg7 26. f5 Qd7 27. fxg6 f6 28. gxh7 Kxh7 29. Rxf6 Qg7 30. Rf7 Rf8 1-0

[Event "FIDE Women World Blitz 2021"]
[Site "Warsaw"]
[Date "2021.12.29"]
[Round "9.24"]
[White "Atalik, Ekaterina"]
[Black "Cyfka, Karina"]
[Result "1-0"]
[ECO "E11"]
[WhiteElo "2430"]
[BlackElo "2416"]
[Annotator "NA"]
[PlyCount "89"]
[EventDate "2021.12.29"]
[EventType "swiss"]
[EventCountry "POL"]
[Tiebreak "Cut1 Buchholz"]
[SourceTitle "playchess.com"]
[Source "ChessBase"]
[SourceQuality "1"]
[TimeControl "180+2"]

1. d4 Nf6 2. Nf3 e6 3. c4 Bb4+ 4. Bd2 Qe7 5. e3 b6 6. a3 Bxd2+ 7. Nbxd2 O-O 8. Be2 Bb7 9. O-O d6 10. Qc2 Nbd7 11. b4 e5 12. d5 h6 13. Nb3 Rac8 14. Rfd1 g6 15. e4 c6 16. Qd3 cxd5 17. cxd5 Nh5 18. Bf1 f5 19. Qe3 f4 20. Qd2 g5 21. Rdc1 g4 22. Ne1 Nhf6 23.
f3 gxf3 24. gxf3 Kh8 25. Rxc8 Rxc8 26. Rc1 Rxc1 27. Qxc1 Nf8 28. Ng2 Ng6 29. Bb5 Kg7 30. a4 Qd8 31. a5 Bc8 32. Qc6 Ne7 33. Qc3 Ng6 34. a6 Bh3 35. Qc6 Ne7 36. Qb7 Kf7 37. Nd2 Qg8 38. Bf1 Ne8 39. Qxa7 h5 40. Qb7 h4 41. Kf2 Bc8 42. Qxb6 h3 43.
Ne1 Qg5 44. a7 Qh4+ 45. Ke2 1-0

[Event "FIDE Women World Blitz 2021"]
[Site "Warsaw"]
[Date "2021.12.29"]
[Round "9.25"]
[White "Pourkashiyan, Atousa"]
[Black "Sandu, Mihaela"]
[Result "1-0"]
[ECO "B84"]
[WhiteElo "2322"]
[BlackElo "2244"]
[Annotator "NA"]
[PlyCount "55"]
[EventDate "2021.12.29"]
[EventType "swiss"]
[EventCountry "POL"]
[Tiebreak "Cut1 Buchholz"]
[SourceTitle "playchess.com"]
[Source "ChessBase"]
[SourceQuality "1"]
[TimeControl "180+2"]

1. e4 c5 2. Nf3 d6 3. d4 cxd4 4. Nxd4 Nf6 5. Nc3 a6 6. f4 e6 7.
Be2 Nbd7 8. O-O Qc7 9. Be3 b5 10. a3 Bb7 11. Bd3 Nc5 12. Qf3 Be7 13. Rae1 O-O 14. Kh1 Nxd3 15. cxd3 Nd7 16. Qh5 g6 17. Qh3 e5 18. Nf3 exf4 19. Bxf4 Ne5 20. Ng5 h5 21. d4 Ng4 22. Qg3 Qc4 23. Nf3 a5 24.
h3 Nf6 25. Bxd6 Bxd6 26. Qxd6 Nxe4 27. Nxe4 Bxe4 28. Nd2 1-0

[Event "FIDE Women World Blitz 2021"]
[Site "Warsaw"]
[Date "2021.12.29"]
[Round "9.26"]
[White "Girya, Olga"]
[Black "Sliwicka, Alicja"]
[Result "1-0"]
[ECO "A58"]
[WhiteElo "2402"]
[BlackElo "2303"]
[Annotator "NA"]
[PlyCount "83"]
[EventDate "2021.12.29"]
[EventType "swiss"]
[EventCountry "POL"]
[Tiebreak "Cut1 Buchholz"]
[SourceTitle "playchess.com"]
[Source "ChessBase"]
[SourceQuality "1"]
[TimeControl "180+2"]

1. d4 Nf6 2. c4 c5 3. d5 b5 4. cxb5 a6 5. bxa6 g6 6. Nc3 Bg7 7. e4 O-O 8. a4 d6 9. Nf3 Nxa6 10. Bc4 Nb4 11. O-O Qa5 12. Bd2 Ba6 13. Bxa6 Qxa6 14. Nb5 Qb7 15. Bxb4 cxb4 16. Re1 Nd7 17. Nfd4 Nc5 18. b3 Rae8 19. Rc1 f5 20. exf5 Qxd5 21. Ne6 Qxd1 22. Rcxd1 Rxf5 23. Nxg7 Kxg7 24. Nxd6 exd6 25. Rxe8 Nxb3 26. Rb8 Rf4 27. Rb1 Rc4 28. g3 Nc5 29. R8xb4 Rc2 30. Rd4 Ra2 31. Rxd6 Rxa4 32. Rc1 Ne4 33. Rd7+ Kh6 34. Rcc7 Nf6 35. Rf7 Ra6 36. Kg2 Kg5 37. h4+ Kf5 38. Rf8 Ke5 39. Re7+ Kf5 40. Rxh7 Kg4 41. Rhf7 Nd5 42. f3+ 1-0